 Dungeon Crawl Stone Soup version 0.29.1-1-gd02db69 (webtiles) character file.

Game seed: 5171268435428048043

17577 Torien the Destroyer (level 12, -6/91 HPs)
             Began as a Gnoll Conjurer on Apr 19, 2023.
             Was a High Priest of Elyvilon.
             Mangled by a ghost moth (7 damage)
             ... on level 2 of the Lair of Beasts on Apr 20, 2023.
             The game lasted 02:31:30 (12630 turns).

Torien the Destroyer (Gnoll Conjurer)              Turns: 12630, Time: 02:31:32

Health: -6/91      AC: 11    Str:  3 (5)  XL:     12   Next: 49%
Magic:  0/34       EV: 12    Int: 15 (20) God:    Elyvilon [*****.]
Gold:   627        SH:  0    Dex:  8 (13) Spells: 10/29 levels left

rFire   . . .      SeeInvis .   g - +0 staff of Battle
rCold   . . .      Faith    .   (no shield)
rNeg    . . .      Spirit   .   s - +3 troll leather armour {Pargi}
rPois   .          Reflect  .   (helmet restricted)
rElec   .          Harm     .   w - scarf {repulsion}
rCorr   .          Rampage  .   (no gloves)
Will    .....      Clarity  +   r - +2 pair of boots "Ecaysk" {+Inv}
Stlth   +++.......              (no amulet)
HPRegen 1.05/turn               x - ring of magical power
MPRegen 0.24/turn               A - ring of wizardry

@: flying, repel missiles
A: fangs 1, strong nose, distributed training, hooves 1, horns 1, clarity, weak
1
a: Renounce Religion, Evoke Invisibility, Purification, Heal Other, Heal Self,
Divine Vigour


You were on level 2 of the Lair of Beasts.
You worshipped Elyvilon.
Elyvilon was extremely pleased with you.
You visited 4 branches of the dungeon, and saw 13 of its levels.
You also visited: Bailey.

You collected 627 gold pieces.

Inventory:

Hand Weapons
 a - a +0 triple crossbow
 g - the +0 staff of Battle (weapon)
   (You acquired it on level 7 of the Dungeon)

   It enhances your conjuration magic.
   It summons a battlesphere in combat, with strength depending on Conjurations
   skill.
   Its strikes trigger the battlesphere's blasts.
 k - a +4 mace of draining
 o - a +3 dagger of protection
 p - a +1 glaive of holy wrath
 t - a +0 whip of venom
 C - a +2 falchion of venom
 R - a +2 spear of flaming
 S - the +3 woodcutter's axe {vorpal}
   (You found it on level 8 of the Dungeon)

   It inflicts extra damage upon your enemies.
 U - a +7 spear of venom
Missiles
 d - 15 poisoned darts
 H - 4 curare-tipped darts (quivered)
 I - 7 boomerangs
Armour
 e - a scarf of shadows
 r - the +2 pair of boots "Ecaysk" (worn) {+Inv}
   (You acquired it on level 8 of the Dungeon)

   +Inv:      It lets you turn invisible.
 s - a +3 troll leather armour (worn) {Pargi}
 w - a scarf of repulsion (worn)
 D - +0 steam dragon scales
 Y - a +2 pair of gloves of dexterity
Magical Staves
 G - a staff of cold
Jewellery
 m - a ring of fire
 n - a +4 ring of evasion
 q - a ring of positive energy
 u - a ring of protection from cold
 x - a ring of magical power (left hand)
 A - a ring of wizardry (right hand)
 N - a ring of protection from fire
Wands
 h - a wand of flame (14)
 E - a wand of roots (8)
 M - a wand of charming (8)
 Q - a wand of digging (2)
Scrolls
 c - 3 scrolls of vulnerability
 j - 2 scrolls of butterflies
 y - a scroll of silence
 J - a scroll of brand weapon {unknown}
 O - a scroll of noise {unknown}
 T - a scroll of fear {unknown}
 V - a scroll of amnesia {unknown}
 W - 2 scrolls of enchant weapon
 X - 2 scrolls of identify
 Z - a scroll of poison
Potions
 f - a potion of flight
 i - 2 potions of mutation
 l - 3 potions of attraction
 z - 3 potions of cancellation
 B - 2 potions of might {unknown}
 F - 2 potions of degeneration {unknown}
 L - 2 potions of haste
 P - 3 potions of resistance {unknown}


   Skills:
 + Level 7.6 Fighting
 + Level 7.6 Short Blades
 + Level 7.6 Long Blades
 + Level 7.6 Axes
 + Level 7.6 Maces & Flails
 + Level 7.6 Polearms
 + Level 7.6 Staves
 + Level 7.6 Ranged Weapons
 + Level 7.6 Throwing
 + Level 7.6 Armour
 + Level 9.0 Dodging
 + Level 8.8 Stealth
 + Level 7.6 Shields
 + Level 7.6 Unarmed Combat
 + Level 9.2 Spellcasting
 + Level 9.6 Conjurations
 + Level 6.3 Hexes
 + Level 6.3 Summonings
 + Level 6.3 Necromancy
 + Level 6.3 Translocations
 + Level 6.3 Transmutations
 + Level 6.3 Fire Magic
 + Level 6.3 Ice Magic
 + Level 6.3 Air Magic
 + Level 6.3 Earth Magic
 + Level 6.3 Poison Magic
 + Level 8.3 Invocations
 + Level 7.6 Evocations


You had 10 spell levels left.
You knew the following spells:

 Your Spells              Type           Power      Damage    Failure   Level
a - Magic Dart            Conj           100%       1d8       1%          1
b - Searing Ray           Conj           100%       2d8       1%          2
c - Mephitic Cloud        Conj/Pois/Air  43%        N/A       1%          3
d - Portal Projectile     Hex/Tloc       50%        N/A       1%          3
e - Inner Flame           Hex/Fire       25%        N/A       1%          3
f - Ensorcelled Hibernat  Hex/Ice        50%        N/A       1%          2
g - Ignite Poison         Fire/Tmut/Pois 25%        N/A       1%          3
h - Passwall              Tmut/Erth      20%        N/A       1%          2

Your spell library contained the following spells:

 Spells                   Type           Power      Damage    Failure   Level
 Apportation              Tloc           50%        N/A       1%          1
 Static Discharge         Conj/Air       46%        3-9/arc   1%          2
 Dazzling Flash           Conj/Hex       92%        N/A       1%          3
 Spider Form              Tmut/Pois      25%        N/A       1%          3
 Swiftness                Air            25%        N/A       1%          3
 Tukima's Dance           Hex            25%        N/A       1%          3
 Fulminant Prism          Conj/Hex       23%        3d13      2%          4
 Iskenderun's Mystic Bla  Conj/Tloc      46%        2d10      2%          4
 Sticky Flame             Conj/Fire      46%        2d6       2%          4
 Anguish                  Hex/Necr       12%        N/A       6%          4
 Cause Fear               Hex            12%        N/A       6%          4
 Dispel Undead            Necr           25%        3d12      6%          4
 Passage of Golubria      Tloc           25%        N/A       6%          4
 Freezing Cloud           Conj/Ice/Air   21%        6-21      10%         5
 Blade Hands              Tmut           12%        N/A       16%         5
 Manifold Assault         Tloc           25%        N/A       16%         5
 Yara's Violent Unravell  Hex/Tmut       12%        3d7       16%         5
 Enfeeble                 Hex            12%        N/A       98%         7
 Discord                  Hex            12%        N/A       100%        8
 Disjunction              Tloc           12%        N/A       100%        8


Dungeon Overview and Level Annotations

Branches:
Dungeon (9/15)             Temple (1/1) D:5            Lair (2/5) D:9
  Swamp (0/4) Lair:2       Spider (1/4) Lair:2       Bailey (visited)
    Orc: D:9-12

Altars:
Ashenzari
Cheibriados
Dithmenos
Elyvilon
Fedhas
Gozag
Hepliaklqana
Kikubaaqudgha
Makhleb
Nemelex Xobeh
Okawaru
Ru
Sif Muna
Trog
Uskayaw
Vehumet
Xom
Yredelemnul
Zin
The Shining One

Annotations:
D:9 Amaemon


Innate Abilities, Weirdness & Mutations

You have very sharp teeth.
Your uncanny sense of smell can sniff out nearby items.
Your experience applies equally to all skills.
You have large cloven feet.
You have a pair of small horns on your head.
You possess an exceptional clarity of mind.
You are weak. (Str -2)


Message History

Unknown command.
Aiming: Charm
Press: ? - help, Q - select action, (/) - cycle Shift-Dir - straight line Nothing appears to happen.
Something hits you but does no damage. x2; Something stings you.
* * * LOW HITPOINT WARNING * * *
Unknown command.
Aiming: Charm
Press: ? - help, Q - select action, (/) - cycle Shift-Dir - straight line Nothing appears to happen.
Something hits you!
* * * LOW HITPOINT WARNING * * *
You feel clumsy. Something hits you.
* * * LOW HITPOINT WARNING * * *
Something stings you but does no damage.
Something hits you but does no damage. x2
Something stings you but does no damage.
Activating: Heal Self (0% risk of failure)
Press: ? - help, Q - select action, (/) - cycle Dir - look around, f - activate You are healed.
You feel you are being watched by something.
Something hits you!
* * * LOW HITPOINT WARNING * * *
You feel weakened. Something hits you.
* * * LOW HITPOINT WARNING * * *
Something stings you! Elyvilon protects you from harm!
You feel dopey.
Throw: 5 darts (curare)
Press: ? - help, Q - select action, (/) - cycle Shift-Dir - straight line You throw a curare-tipped dart.
The curare-tipped dart hits the plant.
You feel you are being watched by something.
You feel your power leaking away. Something completely misses you.
Something hits you.
* * * LOW HITPOINT WARNING * * *
You feel dopey. Something stings you!
You die...

##.♣~≈≈≈≈≈≈≈~~♣♣....##..#........
...♣~~≈≈≈≈≈≈~~♣♣.........#.......
...♣~≈≈≈≈≈≈~~~~♣......#P....P...#
..#♣~~~~≈≈≈~≈~~♣.....#...#......#
.##~~P~~≈≈~~~~~###....#.#.......#
..##~~~~~~~~~~~###..#######....##
...#~~~~~~~~P~~....##### #....##
....~~~~~P~~P~~.....##.# ###....#
♣♣..~~~~~..~~P~{@......###......P
♣..~~.~~..~~~~.................#
♣♣#..............................
♣................................
♣#.P................####.###.....
♣..#.........>......# ### ###...
♣...............#...# #...
♣...#...#...#......## #.).
.#..#.###..####....# #...


There were no monsters in sight!

Vanquished Creatures
  A hydra (Lair:2)
  A centaur warrior (D:9)
  An orc high priest (Bailey)
  Sonja (Lair:1)
  2 bog bodies (Lair:2)
  An orc knight (Bailey)
  A torpor snail (Lair:2)
  6 elephants
  A gargoyle (D:9)
  2 cane toads (Lair:1)
  A kobold demonologist (Bailey)
  A rime drake (Lair:2)
  3 komodo dragons
  A hornet (D:8)
  4 blink frogs (Lair:2)
  A slime creature (D:9)
  2 basilisks
  A steam dragon (D:6)
  17 yaks
  Menkaure (D:5)
  2 swamp worms (Lair:2)
  A water moccasin (Lair:1)
  14 orc warriors
  Pargi (D:3)
  A black bear (Lair:2)
  An ice beast (D:4)
  3 centaurs
  10 wolves (Lair:1)
  A kobold brigand (D:8)
  6 bullfrogs
  4 scorpions (Lair:2)
  7 gnoll sergeants
  A necrophage (D:6)
  4 killer bees (D:7)
  3 electric eels
  4 hounds
  7 orc priests
  A jelly (D:7)
  Crazy Yiuf (D:5)
  2 gnoll boudas (D:8)
  6 iguanas
  Ijyb (D:5)
  Terence (D:2)
  5 orc wizards
  The ghost of waxwing the Caller, a weakling DgSu (D:3)
  A mummy (D:8)
  4 adders
  8 gnolls
  3 worms
  3 dart slugs
  43 orcs
  6 ball pythons
  5 bats
  9 endoplasms
  16 giant cockroaches
  12 goblins
  12 hobgoblins
  6 jackals
  2 quokkas
  2 frilled lizards
  10 kobolds
  3 rats
282 creatures vanquished.

Vanquished Creatures (others)
  7 fungi (Lair:2)
  60 plants
67 creatures vanquished.

Grand Total: 349 creatures vanquished

Notes
Turn   | Place    | Note
-------+----------+-------------------------------------------
     0 | D:1      | Torien the Gnoll Conjurer began the quest for the Orb.
     0 | D:1      | Reached XP level 1. HP: 13/13 MP: 6/6
   228 | D:1      | Reached XP level 2. HP: 17/19 MP: 4/7
   570 | D:1      | Learned a level 2 spell: Searing Ray
   794 | D:1      | Reached skill level 5 in Spellcasting
   794 | D:1      | Reached XP level 3. HP: 25/25 MP: 2/9
  1001 | D:1      | Reached skill level 1 in Invocations
  1467 | D:2      | Noticed Terence
  1472 | D:2      | Killed Terence
  1473 | D:2      | Reached skill level 1 in Fighting
  1473 | D:2      | Reached skill level 1 in Short Blades
  1473 | D:2      | Reached skill level 1 in Long Blades
  1473 | D:2      | Reached skill level 1 in Axes
  1473 | D:2      | Reached skill level 1 in Maces & Flails
  1473 | D:2      | Reached skill level 1 in Polearms
  1473 | D:2      | Reached skill level 1 in Staves
  1473 | D:2      | Reached skill level 1 in Ranged Weapons
  1473 | D:2      | Reached skill level 1 in Throwing
  1473 | D:2      | Reached skill level 1 in Armour
  1473 | D:2      | Reached skill level 1 in Shields
  1473 | D:2      | Reached skill level 1 in Unarmed Combat
  1473 | D:2      | Reached skill level 1 in Evocations
  1473 | D:2      | Reached XP level 4. HP: 32/32 MP: 4/11
  1967 | D:2      | Reached skill level 1 in Hexes
  1967 | D:2      | Reached skill level 1 in Summonings
  1967 | D:2      | Reached skill level 1 in Necromancy
  1967 | D:2      | Reached skill level 1 in Translocations
  1967 | D:2      | Reached skill level 1 in Transmutations
  1967 | D:2      | Reached skill level 1 in Fire Magic
  1967 | D:2      | Reached skill level 1 in Ice Magic
  1967 | D:2      | Reached skill level 1 in Air Magic
  1967 | D:2      | Reached skill level 1 in Earth Magic
  1967 | D:2      | Reached skill level 1 in Poison Magic
  2184 | D:3      | Noticed Pargi
  2188 | D:3      | Killed Pargi
  2189 | D:3      | Reached XP level 5. HP: 34/37 MP: 12/12
  2280 | D:3      | Found a runed translucent door.
  2282 | D:3      | Noticed waxwing's ghost (weakling DgSu)
  2299 | D:3      | Killed waxwing's ghost
  2435 | D:3      | Reached XP level 6. HP: 42/44 MP: 7/13
  2696 | D:3      | Reached skill level 5 in Dodging
  2700 | D:3      | Learned a level 3 spell: Mephitic Cloud
  3057 | D:3      | Found a white marble altar of Elyvilon.
  3064 | D:3      | Became a worshipper of Elyvilon the Healer
  3899 | D:4      | Noticed an ice beast
  3910 | D:4      | Killed an ice beast
  3911 | D:4      | Reached XP level 7. HP: 47/51 MP: 15/15
  3968 | D:4      | Found a blossoming altar of Fedhas.
  4075 | D:4      | Reached * piety under Elyvilon
  4261 | D:4      | Gained mutation: You have large cloven feet. [potion of
                  | mutation]
  4261 | D:4      | Gained mutation: You have a pair of small horns on your
                  | head. [potion of mutation]
  4261 | D:4      | Gained mutation: You are weak. (Str -2) [potion of
                  | mutation]
  4261 | D:4      | Gained mutation: You possess an exceptional clarity of
                  | mind. [potion of mutation]
  4273 | D:5      | Entered Level 5 of the Dungeon
  4341 | D:5      | Found a staircase to the Ecumenical Temple.
  4348 | Temple   | Entered the Ecumenical Temple
  4447 | D:5      | Noticed Ijyb
  4468 | D:5      | Killed Ijyb
  4556 | D:5      | Identified the +7 hammer "Meraxt" {antimagic, rN++ Int-5}
  4562 | D:5      | Found a runed translucent door.
  4563 | D:5      | Noticed Crazy Yiuf
  4570 | D:5      | Learned a level 3 spell: Portal Projectile
  4574 | D:5      | Killed Crazy Yiuf
  4743 | D:5      | Reached skill level 5 in Stealth
  4773 | D:5      | Noticed Menkaure
  4778 | D:5      | Killed Menkaure
  4781 | D:5      | Found a hazy altar of Hepliaklqana.
  4817 | D:5      | Found an opulent altar of Gozag.
  4895 | D:6      | Found a sacrificial altar of Ru.
  4924 | D:6      | Reached ** piety under Elyvilon
  5001 | D:6      | Noticed a shadow
  5120 | D:6      | Reached XP level 8. HP: 49/58 MP: 16/16
  5303 | D:6      | Learned a level 3 spell: Inner Flame
  5885 | D:7      | Learned a level 2 spell: Ensorcelled Hibernation
  5983 | D:7      | Identified a scroll of acquirement
  5983 | D:7      | Acquired the +0 staff of Battle
  5983 | D:7      | Found the +0 staff of Battle
  6015 | D:7      | Reached *** piety under Elyvilon
  6019 | D:7      | Noticed a four-headed hydra
  6132 | D:8      | Found a snail-covered altar of Cheibriados.
  6194 | D:8      | Found a flagged portal.
  6204 | D:8      | Reached XP level 9. HP: 56/65 MP: 18/18
  6212 | Bailey   | Entered a bailey
  6545 | Bailey   | Noticed an orc high priest
  6554 | Bailey   | Killed an orc high priest
  6555 | Bailey   | Reached skill level 5 in Invocations
  6597 | Bailey   | Noticed an orc knight
  6607 | Bailey   | Killed an orc knight
  6608 | Bailey   | Reached skill level 5 in Fighting
  6608 | Bailey   | Reached skill level 5 in Short Blades
  6608 | Bailey   | Reached skill level 5 in Long Blades
  6608 | Bailey   | Reached skill level 5 in Axes
  6608 | Bailey   | Reached skill level 5 in Maces & Flails
  6608 | Bailey   | Reached skill level 5 in Polearms
  6608 | Bailey   | Reached skill level 5 in Staves
  6608 | Bailey   | Reached skill level 5 in Ranged Weapons
  6608 | Bailey   | Reached skill level 5 in Throwing
  6608 | Bailey   | Reached skill level 5 in Armour
  6608 | Bailey   | Reached skill level 5 in Shields
  6608 | Bailey   | Reached skill level 5 in Unarmed Combat
  6608 | Bailey   | Reached skill level 5 in Evocations
  6608 | Bailey   | Reached XP level 10. HP: 74/74 MP: 15/20
  6790 | Bailey   | Found an iron altar of Okawaru.
  6790 | Bailey   | Noticed a kobold demonologist
  6812 | Bailey   | Killed a kobold demonologist
  6913 | Bailey   | Got the Vellum of Direction
  7299 | D:8      | Got Sif Muna's Excursus on Sculpting and the Traveller
  7374 | D:8      | Found a glowing golden altar of the Shining One.
  7527 | D:8      | Found the +3 woodcutter's axe {vorpal}
  7690 | D:8      | Found a shadowy altar of Dithmenos.
  7711 | D:8      | Acquired the +2 pair of boots "Ecaysk" {+Inv}
  7747 | D:8      | Reached **** piety under Elyvilon
  7775 | D:8      | Found an iron altar of Okawaru.
  8460 | D:9      | Noticed a purple ugly thing
  8495 | D:9      | Noticed Amaemon
  8495 | D:9      | Noticed an orange demon
  8747 | D:9      | Reached skill level 5 in Hexes
  8747 | D:9      | Reached skill level 5 in Summonings
  8747 | D:9      | Reached skill level 5 in Necromancy
  8747 | D:9      | Reached skill level 5 in Translocations
  8747 | D:9      | Reached skill level 5 in Transmutations
  8747 | D:9      | Reached skill level 5 in Fire Magic
  8747 | D:9      | Reached skill level 5 in Ice Magic
  8747 | D:9      | Reached skill level 5 in Air Magic
  8747 | D:9      | Reached skill level 5 in Earth Magic
  8747 | D:9      | Reached skill level 5 in Poison Magic
  8751 | D:9      | Reached XP level 11. HP: 73/81 MP: 5/22
  8907 | D:9      | Noticed a centaur warrior
  8911 | D:9      | Killed a centaur warrior
  8916 | D:9      | Learned a level 3 spell: Ignite Poison
  9064 | D:9      | Identified the +0 leather armour of the Loofah {Contam
                  | +Blink Will+++}
  9154 | D:9      | Learned a level 2 spell: Passwall
  9264 | D:9      | Found a staircase to the Lair.
  9280 | Lair:1   | Entered Level 1 of the Lair of Beasts
  9695 | Lair:1   | Reached ***** piety under Elyvilon
 10053 | Lair:1   | Noticed Sonja
 10064 | Lair:1   | Killed Sonja
 10696 | Lair:2   | Noticed an eight-headed hydra
 11005 | Lair:2   | Killed an eight-headed hydra
 11006 | Lair:2   | Reached XP level 12. HP: 91/91 MP: 24/24
 11624 | Lair:2   | Found a hole to the Spider Nest.
 11916 | Lair:2   | Found a staircase to the Swamp.
 12559 | Spider:1 | Entered Level 1 of the Spider Nest
 12573 | Lair:2   | HP: 4/91 [something (2)]
 12628 | Lair:2   | HP: 2/91 [something (5)]
 12629 | Lair:2   | Elyvilon protects you from harm!
 12630 | Lair:2   | Mangled by a ghost moth

Illustrated notes

Levels and vault maps discovered:
D:1:      kennysheep_arrival_seaside, layout_rooms, hex_intersection,
          minmay_misc_feat_x
D:2:      layout_basic, uniq_terence
D:3:      minmay_roachtagon, layout_loops_ring, nicolae_elyvilon_temple_path,
          ebering_ghost_reflecting_pool, uniq_pargi
D:4:      layout_basic, kennysheep_mini
D:5:      layout_rooms, kennysheep_mini_moat, nicolae_gozag_seed_capital,
          minmay_temple_entry_hall, uniq_ijyb, uniq_menkaure,
          uniq_crazy_yiuf_cottage
D:6:      layout_rooms, mainiacjoe_overflow_alcove_1, lightli_corner_chamber
D:7:      layout_basic, serial_bayou_pond_e
D:8:      layout_rooms, slow_altar_1, tso_metal_star,
          mainiacjoe_overflow_tiny_flanked, lemuel_coloured_pillars_altar,
          enter_bailey_5, serial_bayou_pond_c, minivault_10, fountainhead,
          pf_guarded_unrand_woodcutter
D:9:      layout_long_grid, lemuel_tele_altar, nzn_wu_jian_council_hall,
          david_lair_shrubbed, kennysheep_orc_monster_closet_entryway,
          minmay_diamond_spiral, uniq_amaemon, uniq_psyche
Temple:   minmay_freezing_vapour_temple
Lair:1:   layout_layer_cave, beast_lair_carwin_9, grunt_megastairs_5,
          infiniplex_staircase_pool, serial_bayou_shore_b, uniq_sonja
Lair:2:   layout_layer_cave, nicolae_swamp_entry_splash_gauntlet,
          nicolae_spider_entry_non_spiders, grunt_megastairs_3,
          serial_bayou_shore_a
Spider:1: layout_spider_delve

Skill      XL: |  1  2  3  4  5  6  7  8  9 10 11 12 |
---------------+-------------------------------------+-----
Spellcasting   | 5 6 7 8 9 |  9.2
Invocations    | 1 2 3 4 5 6 7 8 |  8.3
Fighting       | 1 2 3 5 6 7 |  7.6
Short Blades   | 1 2 3 5 6 7 |  7.6
Long Blades    | 1 2 3 5 6 7 |  7.6
Axes           | 1 2 3 5 6 7 |  7.6
Maces & Flails | 1 2 3 5 6 7 |  7.6
Polearms       | 1 2 3 5 6 7 |  7.6
Staves         | 1 2 3 5 6 7 |  7.6
Ranged Weapons | 1 2 3 5 6 7 |  7.6
Throwing       | 1 2 3 5 6 7 |  7.6
Armour         | 1 2 3 5 6 7 |  7.6
Shields        | 1 2 3 5 6 7 |  7.6
Unarmed Combat | 1 2 3 5 6 7 |  7.6
Evocations     | 1 2 3 5 6 7 |  7.6
Hexes          | 1 2 3 4 5 6 |  6.3
Summonings     | 1 2 3 4 5 6 |  6.3
Necromancy     | 1 2 3 4 5 6 |  6.3
Translocations | 1 2 3 4 5 6 |  6.3
Transmutations | 1 2 3 4 5 6 |  6.3
Fire Magic     | 1 2 3 4 5 6 |  6.3
Ice Magic      | 1 2 3 4 5 6 |  6.3
Air Magic      | 1 2 3 4 5 6 |  6.3
Earth Magic    | 1 2 3 4 5 6 |  6.3
Poison Magic   | 1 2 3 4 5 6 |  6.3
Dodging        | 5 6 7 8 9 |  9.0
Stealth        | 5 6 7 8 |  8.8
Conjurations   | 8 9 |  9.6

Action                   |  1- 3 |  4- 6 |  7- 9 | 10-12 || total
-------------------------+-------+-------+-------+-------++-------
Melee: Whip              |     6 |       |       |       ||     6
       Dagger            |     1 |    15 |    23 |       ||    39
       Mace              |       |    41 |       |       ||    41
       Bite              |       |     5 |     6 |     4 ||    15
       Punch             |       |     1 |       |       ||     1
       Kick              |       |       |    12 |       ||    12
       Headbutt          |       |       |     8 |     5 ||    13
       Staff             |       |       |     6 |    20 ||    26
Throw: Dart              |     1 |       |     4 |     7 ||    12
 Cast: Magic Dart        |    48 |    33 |    80 |   126 ||   287
       Searing Ray       |     6 |    14 |    35 |    50 ||   105
       Mephitic Cloud    |       |     1 |     5 |    51 ||    57
       Inner Flame       |       |       |     2 |     4 ||     6
       Ignite Poison     |       |       |       |     5 ||     5
       Passwall          |       |       |       |     1 ||     1
       Ensorcelled Hiber |       |       |       |     1 ||     1
Invok: Heal Self         |       |       |       |     6 ||     6
Evoke: Wand              |       |       |     1 |     7 ||     8
  Use: Scroll            |       |       |    14 |    11 ||    25
       Potion            |       |       |     5 |     5 ||    10
 Stab: Sleeping          |       |     7 |     4 |       ||    11
       Confused          |       |       |       |     1 ||     1
Armor: Robe              |     5 |     2 |       |       ||     7
       Troll leather arm |       |    28 |    18 |    51 ||    97
Dodge: Dodged            |    12 |    69 |    45 |    77 ||   203
       Repelled          |       |       |       |     1 ||     1
